 Dungeon Crawl Stone Soup version 0.29-a0-834-g1e95ca9f62 (webtiles) character file.

Game seed: 18293045680555615245

18211 nickcage the Brawler (level 12, -6/122 HPs)
             Began as a Troll Gladiator on July 12, 2022.
             Was an Elder of the Shining One.
             Mangled by an orc warrior
             ... wielding a +0 long sword
              (15 damage)
             ... on level 1 of the Orcish Mines.
             The game lasted 00:33:05 (8061 turns).

nickcage the Brawler (Troll Gladiator)              Turns: 8061, Time: 00:33:06

Health: -6/122     AC: 11    Str: 29    XL:     12   Next: 25%
Magic:  13/13      EV: 25    Int:  4    God:    the Shining One [****..]
Gold:   791        SH:  0    Dex: 17    Spells: 9/11 levels left

rFire   . . .      SeeInvis .     - Unarmed
rCold   . . .      Faith    .   (no shield)
rNeg    + + .      Spirit   .   K - +0 steam dragon scales
rPois   .          Reflect  .   b - +0 hat
rElec   .          Harm     .   (no cloak)
rCorr   .          Rampage  .   (gloves unavailable)
Will    .....                   (boots unavailable)
Stlth   +.........              n - amulet of the acrobat
HPRegen 1.10/turn               i - +4 ring of protection
MPRegen 0.13/turn               w - +6 ring of dexterity

@: acrobatic, glowing
A: large, unfitting armour, claws 3, regeneration 1, shaggy fur 1, tough skin 1
a: Renounce Religion, Divine Shield, Cleansing Flame


You were on level 1 of the Orcish Mines.
You worshipped the Shining One.
The Shining One was greatly pleased with you.
You visited 3 branches of the dungeon, and saw 13 of its levels.

You collected 791 gold pieces.

Inventory:

Hand Weapons
 h - a +2 spear of flaming
 j - a +0 short sword
 v - a +0 long sword
 y - a +1 mace
 B - a +1 dagger of flaming
 J - a +1 long sword of flaming
 L - the +5 sling of Duty {freeze, MP+9 Str+4}
   (You found it on level 9 of the Dungeon)

   Any ammunition fired from it freezes those it strikes, dealing additional
   cold damage.
   It can also slow down cold-blooded creatures.
   Str:       It affects your strength (+4).
   MP:        It affects your magic capacity (+9).
Missiles
 c - 3 throwing nets
 d - a large rock
 e - 13 poisoned darts (quivered)
Armour
 a - a +0 robe
 b - a +0 hat (worn)
 K - +0 steam dragon scales (worn)
Jewellery
 i - a +4 ring of protection (left claw)
 l - a ring of protection from fire
 m - a +4 ring of protection
 n - an amulet of the acrobat (around neck)
 p - a ring of fire
 w - a +6 ring of dexterity (right claw)
 H - a ring of protection from fire
 N - a ring of protection from fire
Wands
 u - a wand of charming (18)
 D - a wand of flame (14)
 M - a wand of quicksilver (3)
Scrolls
 k - 6 scrolls of enchant weapon
 G - a scroll of fog
 I - 6 scrolls of identify
Potions
 f - 4 potions of attraction
 g - 5 potions of curing
 q - 13 potions of degeneration
 r - 4 potions of mutation
 s - 2 potions of berserk rage
 t - a potion of cancellation
 x - a potion of lignification
 z - a potion of invisibility
 C - a potion of flight {unknown}
 E - 2 potions of brilliance
 F - 3 potions of haste


   Skills:
 + Level 8.5 Fighting
 * Level 2.9 Long Blades
 - Level 1.7 Throwing
 - Level 2.4 Dodging
 - Level 6.3 Shields
 - Level 16.5 Unarmed Combat
 - Level 3.1 Invocations


You had 9 spell levels left.
You knew the following spells:

 Your Spells              Type           Power      Damage    Failure   Level
a - Blink                 Tloc           0%         N/A       65%         2

Your spell library contained the following spells:

 Spells                   Type           Power      Damage    Failure   Level
 Foxfire                  Conj/Fire      0%         2x1d4     50%         1
 Slow                     Hex            0%         N/A       50%         1
 Ensorcelled Hibernation  Hex/Ice        0%         N/A       65%         2
 Confusing Touch          Hex            0%         N/A       86%         3
 Conjure Flame            Conj/Fire      0%         6-21      86%         3
 Ignite Poison            Fire/Tmut/Pois 0%         N/A       86%         3
 Inner Flame              Hex/Fire       0%         N/A       86%         3
 Lesser Beckoning         Tloc           0%         N/A       86%         3
 Mephitic Cloud           Conj/Pois/Air  0%         N/A       86%         3
 Spider Form              Tmut/Pois      0%         N/A       86%         3
 Vampiric Draining        Necr           0%         2d6       86%         3
 Anguish                  Hex/Necr       0%         N/A       99%         4
 Flame Wave               Conj/Fire      0%         2d4       99%         4
 Olgreb's Toxic Radiance  Pois           0%         N/A       99%         4
 Freezing Cloud           Conj/Ice/Air   0%         6-21      100%        5
 Iskenderun's Battlesphe  Conj           0%         2d6       100%        5
 Manifold Assault         Tloc           0%         N/A       100%        5
 Iron Shot                Conj/Erth      0%         9d1       100%        6
 Ozocubu's Refrigeration  Ice            0%         4d5       100%        7
 Spellforged Servitor     Conj/Summ      0%         N/A       100%        7
 Ignition                 Fire           0%         3d3       100%        8


Dungeon Overview and Level Annotations

Branches:
Dungeon (10/15)            Temple (1/1) D:5            Lair (0/6) D:10
    Orc (2/2) D:9             Elf (0/3) Orc:2

Altars:
Ashenzari
Cheibriados
Dithmenos
Elyvilon
Fedhas
Gozag
Hepliaklqana
Kikubaaqudgha
Makhleb
Nemelex Xobeh
Okawaru
Qazlal
Ru
Sif Muna
Trog
Uskayaw
Vehumet
Wu Jian
Xom
Yredelemnul
Zin
The Shining One

Shops:
Orc:2 *:


Innate Abilities, Weirdness & Mutations

You are too large for most types of armour.
You have claws for hands.
Your natural rate of healing is unusually fast.
You are covered in fur. (AC +1)
You have tough skin. (AC +1)


Message History

The orc warrior hits you with a +0 scimitar.
The orc warrior unwields a +0 trident.
The orc warrior wields a +0 arbalest.
The orc warrior shoots a bolt.
The bolt hits you!! The orc warrior closely misses you.
The orc warrior shoots a bolt.
The bolt barely misses you.
The orc warrior hits you with a +0 flail.
A cyclops comes into view.
You hear a shout!
There is a stone staircase leading up, spattered with blood here.
The centaur shoots an arrow.
The arrow hits you.
The orc warrior shoots a bolt.
The bolt barely misses you.
The orc knight roars a battlecry!
The orcs go into a battle-frenzy!
The orc warrior hits you with a +0 long sword!
The orc warrior hits you with a +0 scimitar!!
The orc warrior unwields a +0 arbalest.
The orc warrior wields a +0 broad axe.
The orc warrior hits you with a +0 broad axe!!
You climb upwards.
There is a stone staircase leading down, spattered with blood here.
The orc warrior misses you.
The orc warrior hits you with a +0 flail!!
* * * LOW HITPOINT WARNING * * *
There is a staircase back to the Dungeon, spattered with blood here.
Items here: )) [ †.
The orc warrior hits you with a +0 long sword!!
* * * LOW HITPOINT WARNING * * *
The orc warrior attacks as you move away!
The orc warrior misses you.
The orc warrior attacks as you move away!
The orc warrior completely misses you.
The orc warrior attacks as you move away!
The orc warrior hits you with a +0 scimitar.
* * * LOW HITPOINT WARNING * * *
You see here a +0 short sword.
The orc warrior attacks as you move away!
The orc warrior hits you with a +0 scimitar!!
The Shining One protects you from harm!
The orc warrior attacks as you move away!
The orc warrior hits you with a +0 long sword!
You die...

### #...#............
###...^.[...)......
##.##.#[..#.<>).....
#...##.#.....)).....
##...)..............
##.................
##.....))..#........
##.#.#...............
#...@#.o.^...........
##...oo..............
###...##............
#...###..###.###..
##.###...# ##.#...
####...####......
##.## #...##.# ###
##.##### ###


You could see 2 orc warriors.

Vanquished Creatures
  A boulder beetle (D:10)
  A death knight (D:10)
  3 two-headed ogres
  3 death yaks (D:10)
  The ghost of PyroL the Frost Mage, a novice DrIE of Vehumet (D:7)
  Pikel (D:7)
  A manticore (D:10)
  Maggie (D:8)
  A komodo dragon (D:10)
  2 unseen horrors
  A yaktaur (D:10)
  The ghost of gobodom the Digger, a novice GrEE (D:5)
  A hornet (D:9)
  3 trolls
  2 slime creatures
  A wraith (D:10)
  A shadow (D:10)
  11 yaks
  5 vampire mosquitoes (D:10)
  2 wargs
  A water moccasin (D:7)
  Duvessa (D:5)
  11 orc warriors
  A swamp drake (D:9)
  2 ice beasts (D:7)
  3 black bears
  12 centaurs
  3 ogres
  A phantom (D:4)
  3 kobold brigands
  2 bullfrogs (D:7)
  3 scorpions
  3 gnoll sergeants
  2 necrophages (D:8)
  9 wights
  Dowan (D:5)
  8 killer bees (D:8)
  3 howler monkeys
  3 hounds
  3 jellies
  6 orc priests
  A gnoll bouda (D:7)
  6 iguanas
  16 orc wizards
  A bullfrog simulacrum (D:5)
  A scorpion simulacrum (D:5)
  A killer bee simulacrum (D:5)
  13 gnolls
  5 adders
  A hound simulacrum (D:5)
  A shadow imp (D:8)
  3 white imps
  3 worms (D:3)
  A dart slug (D:2)
  48 orcs
  6 bats
  4 endoplasms
  2 giant cockroaches
  6 goblins
  10 hobgoblins
  7 jackals
  17 kobolds
  3 quokkas
  6 ball pythons
  4 frilled lizards
  9 rats
299 creatures vanquished.

Vanquished Creatures (others)
  An orc (D:8)
1 creature vanquished.

Grand Total: 300 creatures vanquished

Notes
Turn   | Place    | Note
-------+----------+-------------------------------------------
     0 | D:1      | nickcage the Troll Gladiator began the quest for the Orb.
     0 | D:1      | Reached XP level 1. HP: 19/19 MP: 0/0
   127 | D:1      | Reached XP level 2. HP: 28/28 MP: 1/1
   175 | D:1      | Found a faded altar of an unknown god.
   545 | D:1      | Reached skill level 4 in Unarmed Combat
   598 | D:1      | Reached XP level 3. HP: 35/35 MP: 2/2
   975 | D:2      | Found an ancient bone altar of Kikubaaqudgha.
  1019 | D:2      | Learned a level 2 spell: Blink
  1534 | D:3      | Reached XP level 4. HP: 42/42 MP: 3/3
  1607 | D:3      | Noticed a +0 hand axe
  1608 | D:3      | Noticed a +0 hand axe
  1704 | D:3      | Found a hide-covered altar of Uskayaw.
  1765 | D:3      | You fall into a shaft and drop 2 floors!
  1765 | D:5      | Entered Level 5 of the Dungeon
  1786 | D:5      | Noticed Duvessa
  1786 | D:5      | Noticed Dowan
  1806 | D:5      | Reached skill level 5 in Unarmed Combat
  1842 | D:5      | Reached XP level 5. HP: 49/49 MP: 4/4
  2164 | D:4      | Reached skill level 6 in Unarmed Combat
  2253 | D:4      | Noticed a phantom
  2267 | D:4      | Killed a phantom
  2268 | D:4      | Reached XP level 6. HP: 57/57 MP: 5/5
  2400 | D:4      | Reached skill level 7 in Unarmed Combat
  2567 | D:4      | Found a bloodstained altar of Trog.
  2619 | D:5      | Reached XP level 7. HP: 34/66 MP: 6/6
  2653 | D:5      | Found a staircase to the Ecumenical Temple.
  2671 | D:5      | Reached skill level 8 in Unarmed Combat
  2687 | Temple   | Entered the Ecumenical Temple
  2710 | Temple   | Became a worshipper of the Shining One
  3035 | D:5      | Noticed a yak
  3035 | D:5      | Noticed a yak
  3036 | D:5      | Noticed a yak
  3036 | D:5      | Noticed a yak
  3039 | D:5      | Reached skill level 11 in Unarmed Combat
  3039 | D:5      | Reached XP level 8. HP: 84/84 MP: 7/7
  3052 | D:5      | Reached XP level 9. HP: 61/92 MP: 8/8
  3116 | D:5      | Found a runed translucent gate.
  3189 | D:5      | Noticed gobodom's ghost (novice GrEE)
  3213 | D:5      | Found a runed translucent gate.
  3213 | D:5      | Found a runed translucent gate.
  3235 | D:5      | Killed Duvessa
  3237 | D:5      | Killed Dowan
  3494 | D:5      | Killed gobodom's ghost
  3495 | D:5      | Reached skill level 12 in Unarmed Combat
  3807 | D:6      | Found a sacrificial altar of Ru.
  3970 | D:6      | Reached * piety under the Shining One
  4215 | D:7      | Found a glowing silver altar of Zin.
  4215 | D:7      | Found a shimmering blue altar of Sif Muna.
  4329 | D:7      | Noticed Pikel
  4337 | D:7      | Killed Pikel
  4338 | D:7      | Reached skill level 13 in Unarmed Combat
  4338 | D:7      | Reached XP level 10. HP: 97/100 MP: 9/9
  4576 | D:7      | Found a runed translucent gate.
  4576 | D:7      | Found a runed translucent gate.
  4576 | D:7      | Found a runed translucent gate.
  4589 | D:7      | Found an opulent altar of Gozag.
  4590 | D:7      | Noticed PyroL's ghost (novice DrIE)
  4673 | D:7      | Reached skill level 1 in Invocations
  4856 | D:7      | Killed PyroL's ghost
  5255 | D:8      | Reached ** piety under the Shining One
  5256 | D:8      | Noticed Maggie
  5274 | D:8      | Killed Maggie
  5560 | D:8      | Reached skill level 14 in Unarmed Combat
  6179 | D:9      | Identified the +5 sling of Duty {freeze, MP+9 Str+4}
  6198 | D:9      | Noticed a two-headed ogre
  6285 | D:9      | Killed a two-headed ogre
  6286 | D:9      | Reached XP level 11. HP: 91/109 MP: 10/12
  6468 | D:9      | Found a staircase to the Orcish Mines.
  6644 | D:10     | Entered Level 10 of the Dungeon
  6656 | D:10     | Found a staircase to the Lair.
  6656 | D:10     | Noticed a death yak
  6656 | D:10     | Noticed a death yak
  6666 | D:10     | Killed a death yak
  6669 | D:10     | Killed a death yak
  6724 | D:10     | Noticed a death yak
  6740 | D:10     | Killed a death yak
  6741 | D:10     | Reached skill level 15 in Unarmed Combat
  6832 | D:10     | Reached *** piety under the Shining One
  6879 | D:10     | Noticed a two-headed ogre
  6886 | D:10     | Killed a two-headed ogre
  7020 | D:10     | Noticed a two-headed ogre
  7024 | D:10     | Killed a two-headed ogre
  7039 | D:10     | Reached skill level 16 in Unarmed Combat
  7129 | D:10     | Noticed a death knight
  7140 | D:10     | Killed a death knight
  7141 | D:10     | Noticed a boulder beetle
  7181 | D:10     | Killed a boulder beetle
  7182 | D:10     | Reached XP level 12. HP: 100/119 MP: 13/13
  7236 | D:10     | Noticed a five-headed hydra
  7398 | Orc:1    | Entered Level 1 of the Orcish Mines
  7455 | Orc:1    | Reached **** piety under the Shining One
  7473 | Orc:1    | Reached skill level 1 in Long Blades
  7659 | Orc:2    | Entered Level 2 of the Orcish Mines
  7659 | Orc:2    | Found Kexic's Book Boutique.
  7782 | Orc:2    | Found a staircase to the Elven Halls.
  7784 | Orc:2    | Found Woed Amu's Assorted Antiques.
  8052 | Orc:1    | HP: 3/122 [orc warrior/+0 long sword (20)]
  8058 | Orc:1    | The Shining One protects you from harm!
  8061 | Orc:1    | Mangled by an orc warrior

Illustrated notes

Levels and vault maps discovered:
D:1:      minmay_arrival_stair_chambers, layout_basic,
          shapermc_ecumenical_altar_venn
D:2:      layout_rooms, basic_altar, kennysheep_another_room
D:3:      layout_loops_ring, dancing_weapons_uskayaw
D:4:      layout_basic, general_overflow_altar, roderic_serpentine_path
D:5:      layout_rooms, minmay_temple_entry_arrows, gammafunk_ghost_icy,
          uniq_duvessa
D:6:      layout_rooms, nicolae_ru_great_annihilating_truth, serial_glass,
          glass_columns_b, glass_columns_a, supply_closet_lemuel,
          solitary_fountain
D:7:      layout_cave_pods, grunt_temple_overflow_open, ebering_ghost_gozag,
          uniq_pikel
D:8:      layout_loops_corners, uniq_maggie
D:9:      layout_cave_pools, erik_orc_1
D:10:     minmay_the_grid_net [minmay_the_grid_embedded, minmay_the_grid_mess,
          minmay_the_grid_odd_star, minmay_the_grid_tree,
          minmay_the_grid_stretched_grid,
          minmay_the_grid_prize_four_corners_diamond_b], layout_loops_ring,
          dpeg_lair_monsters, serial_ice, serial_ice_i, serial_ice_g,
          serial_ice_d, serial_ice_n, skrybe_limestone_x
Temple:   bh_familiar_temple
Orc:1:    layout_caves
Orc:2:    st_orc_rangers, layout_caves, serial_shops, nicolae_shop_behind_doors,
          shop, shop, nicolae_shop_trees, nicolae_shop_window_shopping,
          library_closet, chequers_guarded_unrand_ignorance

Skill      XL: |  1  2  3  4  5  6  7  8  9 10 11 12 |
---------------+-------------------------------------+-----
Unarmed Combat | 4 5 6 7 11 13 14 16 | 16.5
Fighting       | 2 6 7 8 |  8.5
Shields        | 6 |  6.3
Invocations    | 2 3 |  3.1
Long Blades    | 2 |  2.9
Throwing       | |  1.7
Dodging        | |  2.4

Action                   |  1- 3 |  4- 6 |  7- 9 | 10-12 || total
-------------------------+-------+-------+-------+-------++-------
Melee: Unarmed           |   101 |    86 |   150 |   372 ||   709
       Punch             |       |     5 |     4 |    47 ||    56
Throw: Dart              |       |       |     8 |    17 ||    25
  Use: Scroll            |     5 |       |    13 |     4 ||    22
       Potion            |       |       |     1 |     1 ||     2
Armor: Robe              |    35 |    25 |    41 |    12 ||   113
       Steam dragon scal |       |       |       |    85 ||    85
Dodge: Dodged            |    58 |    21 |    59 |   267 ||   405

Table legend: (Time is in decaauts)
 A = Elapsed time spent in this place.
 B = Non-inter-level travel time spent in this place.
 C = Inter-level travel time spent in this place.
 D = Time resting spent in this place.
 E = Time spent auto-exploring this place.
 F = Levels seen in this place.
 G = Mean time per level.
                   A        B        C        D        E       F      G
               +--------+--------+--------+--------+--------+-----+--------+
         Total |   7926 |   7644 |    282 |    551 |   5311 |  13 |  609.7 |
       Dungeon |   7093 |   6852 |    241 |    377 |   4874 |  10 |  709.3 |
        Temple |    190 |    163 |     27 |      0 |    153 |   1 |  190.0 |
  Orcish Mines |    642 |    629 |     13 |    174 |    284 |   2 |  321.0 |
               +--------+--------+--------+--------+--------+-----+--------+

Top non-repeatable levels by time:
     D:8: 1001 daAuts
     D:1: 970 daAuts
     D:7: 922 daAuts
     D:5: 861 daAuts
     D:9: 757 daAuts
    D:10: 600 daAuts
     D:3: 580 daAuts
     D:4: 558 daAuts
   Orc:1: 472 daAuts
     D:6: 455 daAuts
     D:2: 386 daAuts
  Temple: 190 daAuts
   Orc:2: 170 daAuts
